 Dungeon Crawl Stone Soup version 0.19-a0-1127-gac58878 (webtiles) character file.

104 torvon the Digger (level 4, 0/26 HPs)
             Began as a Gargoyle Earth Elementalist on Aug 12, 2016.
             Slain by a worker ant (1 damage)
             ... on level 3 of the Dungeon.
             The game lasted 00:18:07 (3999 turns).

torvon the Digger (Gargoyle Earth Elementalist)     Turns: 3999, Time: 00:18:08

Health: 0/26       AC:  5    Str: 11    XL:     4   Next: 80%
Magic:  2/8        EV: 12    Int: 17    God:
Gold:   61         SH:  0    Dex: 10    Spells: 2 memorised, 4 levels left

rFire  . . .     SeeInvis .     w - +0 mace
rCold  . . .     Gourm    .     c - +0 robe
rNeg   + . .     Faith    .     (no shield)
rPois  ∞         Spirit   .     k - +0 hat
rElec  +         Dismiss  .     (no cloak)
rCorr  .         Reflect  .     (no gloves)
SustAt .         Harm     .     (no boots)
MR     .....                    (no amulet)
Stlth  ++........               (no ring)
                                (no ring)

@:
A: negative energy resistance 1, electricity resistance, unbreathing,
petrification resistance, rot immunity, AC +3
a: no special abilities


You were on level 3 of the Dungeon.
You were not hungry.

You visited 1 branch of the dungeon, and saw 3 of its levels.

You collected 61 gold pieces.

Inventory:

Hand Weapons
 a - a +1 dagger of venom
 w - a +0 mace (weapon)
 A - a +0 blowgun
 B - a +0 whip
 C - a +0 trident
Missiles
 b - 136 stones (quivered)
 y - 16 poisoned needles
 D - 3 tomahawks
Armour
 c - a +0 robe (worn)
 k - a +0 hat (worn)
 l - a +0 shield
 s - a +0 leather armour
 v - a +2 large shield
Scrolls
 f - 2 scrolls of teleportation {unknown}
 h - 2 scrolls of fog {unknown}
 j - 2 scrolls of amnesia {unknown}
 m - 6 scrolls of remove curse {unknown}
 n - 3 scrolls of identify
 p - a scroll of magic mapping {unknown}
 z - a scroll of fear {unknown}
Potions
 i - 4 potions of curing {unknown}
 q - a potion of magic {unknown}
 r - a potion of berserk rage {unknown}
 t - a potion of cure mutation {unknown}
 u - 2 potions of heal wounds {unknown}
 x - a potion of agility {unknown}
Books
 e - a book of Geomancy

   Spells                             Type                      Level
   a - Sandblast                      Earth                        1
   b - Passwall                       Transmutation/Earth          2
   c - Stone Arrow                    Conjuration/Earth            3
   d - Petrify                        Transmutation/Earth          4
   e - Lee's Rapid Deconstruction     Earth                        5
Comestibles
 d - a fruit
 g - a meat ration
 o - a bread ration
 E - 2 chunks of flesh


   Skills:
 + Level 2.2 Fighting
 - Level 1.5 Dodging
 - Level 2.1 Stealth
 + Level 2.9 Spellcasting
   Level 0.7 Transmutations
 * Level 5.0 Earth Magic


You had 4 spell levels left.
You knew the following spells:

 Your Spells              Type           Power        Failure   Level  Hunger
a - Sandblast             Erth           ###...       2%          1    #......
b - Stone Arrow           Conj/Erth      ##....       21%         3    ###....


Dungeon Overview and Level Annotations

Branches:
Dungeon (3/15)

Altars:


Innate Abilities, Weirdness & Mutations

You are resistant to torment.
Your stone body is resilient. (AC +3)
You are immune to poison.
You resist negative energy. (rN+)
You are resistant to electric shocks. (rElec)
You can survive without breathing.
You are immune to petrification.
You are immune to rotting.


Message History

* * * LOW HITPOINT WARNING * * *
You barely miss the worker ant.
The worker ant is almost dead.
The worker ant completely misses you.
You barely miss the worker ant.
The worker ant is almost dead.
The worker ant completely misses you. The worker ant bites you.
* * * LOW HITPOINT WARNING * * *
You closely miss the worker ant.
The worker ant is almost dead.
The worker ant bites you but does no damage.
The worker ant bites you.
* * * LOW HITPOINT WARNING * * *
You barely miss the worker ant.
The worker ant is almost dead.
The worker ant barely misses you.
You barely miss the worker ant.
The worker ant is almost dead.
The worker ant bites you.
You die...

#### #.##....##..# #.# .#
##..........# #.# .#
##...####### ##.##### .# #.###
#.#....# .# #.# ##.###.## .# #.#
#########...### .####### #.#
.....# #.....#
.......###.######.....# #...#.#
..............#.@a....########.#
........##.##.#.#.....#........#
.######.##.##.#.#.....#.#####..#
.### #.#..##.#.#######.#####..#
...# #.)........# #.##.....#
.#.# #.#.###.#.## #.##.##.##
.#.# #...<...### #.......# .#.#
####.....# ####.####
...###...####.# #####.#


You could see a worker ant.

Vanquished Creatures
  2 adders (D:2)
  2 oozes
  2 worms
  2 dart slugs
  4 giant geckos
  4 orcs (D:3)
  4 giant cockroaches
  10 goblins
  5 hobgoblins
  3 jackals (D:2)
  A quokka (D:3)
  3 bats
  2 giant newts
  7 kobolds
  8 rats
59 creatures vanquished.

Notes
Turn   | Place    | Note
-------+----------+-------------------------------------------
     0 | D:1      | torvon the Gargoyle Earth Elementalist began the quest for the Orb.
     0 | D:1      | Reached XP level 1. HP: 10/10 MP: 3/3
   396 | D:1      | Reached skill level 4 in Earth Magic
   396 | D:1      | Reached XP level 2. HP: 10/16 MP: 1/5
  1090 | D:1      | Reached skill level 1 in Fighting
  1090 | D:1      | Reached XP level 3. HP: 18/20 MP: 0/6
  2169 | D:2      | Learned a level 3 spell: Stone Arrow
  2387 | D:2      | Reached XP level 4. HP: 25/26 MP: 4/8
  3725 | D:2      | Reached skill level 5 in Earth Magic
  3997 | D:3      | HP: 1/26 [worker ant (5)]
  3999 | D:3      | Slain by a worker ant

Vault maps used:
D:1:      saegor_arrival_simple_a, minivault_23
D:2:      moated_statue, kennysheep_generic_room_11
D:3:      minmay_unequal

Skill      XL: |  1  2  3  4 |
---------------+-------------+-----
Earth Magic    | 4 5 |  5.0
Fighting       | 1 2 |  2.2
Dodging        | |  1.5
Stealth        | |  2.1
Spellcasting   | |  2.9
Transmutations | |  0.7

Action                   |  1- 3 |  4- 6 || total
-------------------------+-------+-------++-------
Melee: Club              |    55 |     3 ||    58
       Unarmed           |     3 |       ||     3
       Mace              |       |    20 ||    20
 Cast: Sandblast         |    66 |    36 ||   102
       Stone Arrow       |       |     6 ||     6
  Use: Scroll            |       |     1 ||     1
  Eat: Chunk             |     1 |     5 ||     6
       Bread ration      |     1 |       ||     1
       Fruit             |       |     1 ||     1
Armor: Robe              |    36 |    11 ||    47
Dodge: Dodged            |    75 |    32 ||   107
